[Event "Bayerischer Schachbund IM 2024"]
[Site "Rosenheim"]
[Date "2024.08.12"]
[Round "1.6"]
[White "Hasenohr, Benedict"]
[Black "Schulz, Lukas"]
[Result "1/2-1/2"]
[Annotator "RC"]
[ECO "E71"]
[WhiteElo "2339"]
[BlackElo "2298"]
[PlyCount "184"]
[EventDate "2024.08.12"]
[EventType "tourn"]
[EventCountry "GER"]
[SourceTitle "playchess.com"]
[Source "ChessBase"]
[SourceQuality "1"]
[TimeControl "40/5400+30:1800+30"]

1. d4 Nf6 2. c4 g6 3. Nc3 Bg7 4. e4 d6 5. h3 O-O 6. Be3 e5 7. d5 Nbd7 8. g4 Nc5 9. f3 a5 10. Qd2 Ne8 11. h4 f5 12. g5 Bd7 13. Qh2 f4 14. Bf2 c6 15. O-O-O cxd5 16. Nxd5 Rc8 17. Kb1 a4 18. Ne2 Nc7 19. Nb6 N7e6 20. Nxc8 Qxc8 21. Nc3 Nd4 22. Nd5 Qd8 23. Bxd4 exd4 24. h5 a3 25. hxg6 hxg6 26. Qh7+ Kf7 27. Rh4 Qxg5 28. Rxf4+ Ke8 29. Qxg7 Rxf4 30. Nxf4 Qxf4 31. Qxg6+ Kd8 32. Qg2 axb2 33. Qxb2 Qxf3 34. Qxd4 Nxe4 35. Ka1 Kc8 36. Re1 Nc5 37. Be2 Qa3 38. Qb2 Qg3 39. Rd1 Kc7 40. Qd4 Ne6 41. Qf6 Ba4 42. Rb1 Bc6 43. Rf1 Qe3 44. Qb2 Nd4 45. Bg4 Be4 46. Rf7+ Kb8 47. Rf8+ Ka7 48. Bd1 Qd3 49. Bb3 Nc6 50. Rf7 Ne5 51. Bc2 Qe3 52. Re7 Qg1+ 53. Bb1 Nxc4 54. Rg7 Qe3 55. Rg3 Qxg3 56. Qd4+ Nb6 57. Bxe4 Qe5 58. Qxe5 dxe5 59. Kb2 Na4+ 60. Ka3 Nc5 61. Bg2 b5 62. Kb4 Kb6 63. Bf1 Na6+ 64. Kb3 Ka5 65. a3 Nc5+ 66. Kc3 Ka4 67. Be2 Ne4+ 68. Kb2 Ng3 69. Bd1+ Ka5 70. Kc3 Ne4+ 71. Kc2 Kb6 72. Kb3 Kc5 73. Bc2 Nd2+ 74. Kc3 Nc4 75. Kb3 Ne3 76. Bd3 Nd1 77. Be2 Nf2 78. Kc3 Ne4+ 79. Kd3 Nd6 80. Kc3 Nc4 81. Kb3 e4 82. Bg4 Ne3 83. Be2 Nd5 84. Kc2 Nb6 85. Kc3 Nc4 86. Kb3 e3 87. Bh5 Nb6 88. Kc3 Nc4 89. Kb3 Kd4 90. Kb4 Nxa3 91. Kxa3 Kc3 92. Ka2 b4 1/2-1/2

[Event "Bayerischer Schachbund IM 2024"]
[Site "Rosenheim"]
[Date "2024.08.12"]
[Round "1.7"]
[White "Miller, Eduard"]
[Black "Reimann, Sebastian"]
[Result "1/2-1/2"]
[Annotator "RC"]
[ECO "A05"]
[WhiteElo "2319"]
[BlackElo "2327"]
[PlyCount "53"]
[EventDate "2024.08.12"]
[EventType "tourn"]
[EventCountry "GER"]
[SourceTitle "playchess.com"]
[Source "ChessBase"]
[SourceQuality "1"]
[TimeControl "40/5400+30:1800+30"]

1. Nf3 Nf6 2. g3 b5 3. Bg2 Bb7 4. O-O e6 5. d3 d5 6. Nbd2 Nbd7 7. Re1 Bd6 8. a4 bxa4 9. e4 dxe4 10. Ng5 Rb8 11. Ngxe4 Nb6 12. Nxf6+ Qxf6 13. Ne4 Bxe4 14. Bxe4 O-O 15. Ra2 h6 16. Qh5 e5 17. Qg4 Bc5 18. Be3 Bxe3 19. Rxe3 Rfe8 20. c4 c5 21. Rf3 Qg5 22. Qxg5 hxg5 23. Re3 Rbc8 24. Bb7 Rc7 25. Ba6 Rd8 26. Bb5 f6 27. Kg2 1/2-1/2

[Event "Bayerischer Schachbund IM 2024"]
[Site "Rosenheim"]
[Date "2024.08.12"]
[Round "1.8"]
[White "Georgescu, Lena"]
[Black "Zysk, Robert"]
[Result "1/2-1/2"]
[Annotator "RC"]
[ECO "C13"]
[WhiteElo "2209"]
[BlackElo "2376"]
[PlyCount "72"]
[EventDate "2024.08.12"]
[EventType "tourn"]
[EventCountry "GER"]
[SourceTitle "playchess.com"]
[Source "ChessBase"]
[SourceQuality "1"]
[TimeControl "40/5400+30:1800+30"]

1. e4 e6 2. d4 d5 3. Nc3 Nf6 4. Bg5 dxe4 5. Nxe4 Be7 6. Bxf6 gxf6 7. Nf3 f5 8. Nc3 a6 9. g3 b5 10. Bg2 Bb7 11. O-O b4 12. Ne2 Nd7 13. Nf4 Bd6 14. Ne1 Bxg2 15. Nexg2 c6 16. Qf3 Rc8 17. Ne3 Nb6 18. Rad1 O-O 19. Nd3 Qf6 20. Rfe1 Rfd8 21. Nc5 Bxc5 22. dxc5 Rxd1 23. Rxd1 Na4 24. b3 Nxc5 25. Nc4 Ne4 26. Rd7 Rd8 27. Qd3 Rxd7 28. Qxd7 c5 29. f3 Ng5 30. Kg2 h6 31. Qc8+ Kh7 32. h4 Qc3 33. hxg5 Qxc2+ 34. Kh3 Qd1 35. Kg2 Qe2+ 36. Kg1 Qe1+ 1/2-1/2

[Event "Bayerischer Schachbund IM 2024"]
[Site "Rosenheim"]
[Date "2024.08.12"]
[Round "1.9"]
[White "Goldbeck, Lars"]
[Black "Platzgummer, Fabian"]
[Result "1-0"]
[Annotator "RC"]
[ECO "D45"]
[WhiteElo "2321"]
[BlackElo "2304"]
[PlyCount "107"]
[EventDate "2024.08.12"]
[EventType "tourn"]
[EventCountry "GER"]
[SourceTitle "playchess.com"]
[Source "ChessBase"]
[SourceQuality "1"]
[TimeControl "40/5400+30:1800+30"]

1. d4 d5 2. c4 c6 3. Nc3 Nf6 4. e3 e6 5. Nf3 Nbd7 6. Be2 Bd6 7. O-O O-O 8. Re1 Re8 9. b3 b6 10. Bb2 Bb7 11. Bd3 e5 12. cxd5 cxd5 13. Nb5 Bb8 14. dxe5 Nxe5 15. Nxe5 Bxe5 16. Bxe5 Rxe5 17. Rc1 a6 18. Nd4 Rc8 19. Qe2 a5 20. Qb2 Qd6 21. Nf5 Qe6 22. Nd4 Qd6 23. h3 Ree8 24. Nf5 Qd7 25. b4 a4 26. Qd4 Re6 27. b5 g6 28. Nh6+ Kg7 29. Ng4 a3 30. Nxf6 Rxf6 31. e4 Qe7 32. Rxc8 Bxc8 33. e5 Re6 34. Qxd5 Bb7 35. Qd4 Qg5 36. Bf1 h5 37. Qe3 Qxe3 38. Rxe3 Bd5 39. f4 f6 40. Rd3 Bxa2 41. Rxa3 Bd5 42. Rd3 Ba2 43. exf6+ Kxf6 44. g3 g5 45. Rd4 Bb1 46. Kf2 Bf5 47. fxg5+ Kxg5 48. h4+ Kf6 49. Rf4 Kg6 50. Rxf5 Kxf5 51. Bh3+ Ke5 52. Bxe6 Kxe6 53. Kf3 Kf5 54. g4+ 1-0

[Event "Bayerischer Schachbund IM 2024"]
[Site "Rosenheim"]
[Date "2024.08.12"]
[Round "1.10"]
[White "Schneider, Jana"]
[Black "Lucas, Arthur"]
[Result "1/2-1/2"]
[Annotator "RC"]
[ECO "B60"]
[WhiteElo "2275"]
[BlackElo "2332"]
[PlyCount "128"]
[EventDate "2024.08.12"]
[EventType "tourn"]
[EventCountry "GER"]
[SourceTitle "playchess.com"]
[Source "ChessBase"]
[SourceQuality "1"]
[TimeControl "40/5400+30:1800+30"]

1. e4 c5 2. Nf3 d6 3. d4 cxd4 4. Nxd4 Nf6 5. Nc3 Nc6 6. Bg5 Bd7 7. Bb5 Qb6 8. Be3 Ng4 9. Nd5 Nxe3 10. Nxb6 Nxd1 11. Bxc6 axb6 12. Bxd7+ Kxd7 13. Kxd1 g6 14. c3 Bg7 15. Kd2 Ra5 16. Rhe1 Rc8 17. Kd3 d5 18. e5 f6 19. f4 fxe5 20. fxe5 Rf8 21. Re2 e6 22. a4 Rf4 23. b3 Ra8 24. Raa2 g5 25. b4 h5 26. a5 Ra6 27. Nb3 Rf5 28. b5 Rxa5 29. Nxa5 bxa5 30. Rxa5 Bxe5 31. Ra7 Kc7 32. h3 h4 33. Re1 Kb6 34. Ra2 Kc5 35. b6 Kxb6 36. Rae2 Bg3 37. Rxe6+ Kc5 38. R1e2 Rf1 39. Re8 Rd1+ 40. Kc2 Rg1 41. Rc8+ Kd6 42. Rb8 Kc6 43. Rc8+ Kd6 44. Kd3 Bf4 45. Rb2 Re1 46. Re2 Rd1+ 47. Kc2 Rg1 48. Ra8 Kc5 49. Kb3 Rb1+ 50. Rb2 Re1 51. Rc8+ Kd6 52. Ka4 Ra1+ 53. Kb3 Kd7 54. Rc5 Kd6 55. Rc8 Kd7 56. Rc5 Rd1 57. Kc2 Rg1 58. Kd3 Kd6 59. Rcb5 Rd1+ 60. Ke2 Rc1 61. Kd3 Rd1+ 62. Ke2 Rc1 63. Kd3 Rd1+ 64. Ke2 Rc1 1/2-1/2

[Event "Bayerischer Schachbund IM 2024"]
[Site "Rosenheim"]
[Date "2024.08.13"]
[Round "2.6"]
[White "Schulz, Lukas"]
[Black "Lucas, Arthur"]
[Result "0-1"]
[Annotator "RC"]
[ECO "C31"]
[WhiteElo "2298"]
[BlackElo "2332"]
[PlyCount "38"]
[EventDate "2024.08.12"]
[EventType "tourn"]
[EventCountry "GER"]
[SourceTitle "playchess.com"]
[Source "ChessBase"]
[SourceQuality "1"]
[TimeControl "40/5400+30:1800+30"]

1. e4 e5 2. f4 d5 3. exd5 c6 4. Be2 exf4 5. dxc6 Nxc6 6. Nf3 g5 7. O-O g4 8. Ne1 f5 9. c3 Bd6 10. d4 f3 11. Nxf3 gxf3 12. Bxf3 Nge7 13. Bh6 Bxh2+ 14. Kh1 Bg3 15. Qd2 Ng6 16. Bg5 Qd6 17. Bh6 f4 18. Bxc6+ bxc6 19. Qe2+ Ne7 0-1

[Event "Bayerischer Schachbund IM 2024"]
[Site "Rosenheim"]
[Date "2024.08.13"]
[Round "2.7"]
[White "Platzgummer, Fabian"]
[Black "Schneider, Jana"]
[Result "1/2-1/2"]
[Annotator "RC"]
[ECO "A13"]
[WhiteElo "2304"]
[BlackElo "2275"]
[PlyCount "46"]
[EventDate "2024.08.12"]
[EventType "tourn"]
[EventCountry "GER"]
[SourceTitle "playchess.com"]
[Source "ChessBase"]
[SourceQuality "1"]
[TimeControl "40/5400+30:1800+30"]

1. Nf3 d5 2. e3 Nf6 3. c4 e6 4. b3 Be7 5. Bb2 O-O 6. Be2 b6 7. O-O c5 8. Nc3 Ba6 9. cxd5 Bxe2 10. Qxe2 Nxd5 11. Nxd5 Qxd5 12. Rfd1 Nc6 13. d4 cxd4 14. Nxd4 Rfd8 15. Nxc6 Qxc6 16. Qg4 Bf8 17. Rac1 Rxd1+ 18. Qxd1 Qd6 19. Qxd6 Bxd6 20. Rd1 Rd8 21. Kf1 f6 22. e4 e5 23. Ba3 Be7 1/2-1/2

[Event "Bayerischer Schachbund IM 2024"]
[Site "Rosenheim"]
[Date "2024.08.13"]
[Round "2.8"]
[White "Zysk, Robert"]
[Black "Goldbeck, Lars"]
[Result "1/2-1/2"]
[Annotator "RC"]
[ECO "D02"]
[WhiteElo "2376"]
[BlackElo "2321"]
[PlyCount "39"]
[EventDate "2024.08.12"]
[EventType "tourn"]
[EventCountry "GER"]
[SourceTitle "playchess.com"]
[Source "ChessBase"]
[SourceQuality "1"]
[TimeControl "40/5400+30:1800+30"]

1. Nf3 d5 2. g3 Nd7 3. d4 Nb6 4. Nbd2 Bf5 5. Bg2 e6 6. b3 Be7 7. Bb2 h6 8. O-O Nf6 9. c4 c6 10. Qc1 O-O 11. Ba3 Ne4 12. Bxe7 Qxe7 13. Rd1 Bh7 14. Qb2 Nxd2 15. Nxd2 Rfd8 16. Rac1 a5 17. e4 dxe4 18. Bxe4 Bxe4 19. Nxe4 Nd7 20. Re1 1/2-1/2

[Event "Bayerischer Schachbund IM 2024"]
[Site "Rosenheim"]
[Date "2024.08.13"]
[Round "2.9"]
[White "Reimann, Sebastian"]
[Black "Georgescu, Lena"]
[Result "1/2-1/2"]
[Annotator "RC"]
[ECO "A33"]
[WhiteElo "2327"]
[BlackElo "2209"]
[PlyCount "88"]
[EventDate "2024.08.12"]
[EventType "tourn"]
[EventCountry "GER"]
[SourceTitle "playchess.com"]
[Source "ChessBase"]
[SourceQuality "1"]
[TimeControl "40/5400+30:1800+30"]

1. c4 c5 2. Nf3 Nf6 3. Nc3 e6 4. d4 cxd4 5. Nxd4 d5 6. Nc2 Nc6 7. cxd5 exd5 8. e3 Bd6 9. Be2 Be5 10. O-O O-O 11. Bf3 Bf5 12. h3 Re8 13. Nxd5 Nxd5 14. e4 Bxh3 15. gxh3 Qh4 16. Bg2 Nf4 17. Qg4 Qxg4 18. hxg4 Rad8 19. Bxf4 Bxf4 20. Rad1 Ne5 21. f3 g5 22. Nb4 Be3+ 23. Kh2 Ng6 24. Nd5 Bf4+ 25. Kg1 Kg7 26. Rfe1 Rc8 27. Bf1 Rc2 28. Re2 Rec8 29. Rde1 Rxe2 30. Rxe2 Rc1 31. Kf2 a6 32. Nb4 Be5 33. Rd2 Nf4 34. Nd5 Bd6 35. Nxf4 Bxf4 36. Rd7 Rc2+ 37. Ke1 b5 38. Ra7 Rxb2 39. Rxa6 Be5 40. Bd3 Bc3+ 41. Kf1 Bd4 42. Ke1 Bc3+ 43. Kf1 Bd4 44. Ke1 Bc3+ 1/2-1/2

[Event "Bayerischer Schachbund IM 2024"]
[Site "Rosenheim"]
[Date "2024.08.13"]
[Round "2.10"]
[White "Hasenohr, Benedict"]
[Black "Miller, Eduard"]
[Result "0-1"]
[Annotator "RC"]
[ECO "E71"]
[WhiteElo "2339"]
[BlackElo "2319"]
[PlyCount "84"]
[EventDate "2024.08.12"]
[EventType "tourn"]
[EventCountry "GER"]
[SourceTitle "playchess.com"]
[Source "ChessBase"]
[SourceQuality "1"]
[TimeControl "40/5400+30:1800+30"]

1. d4 Nf6 2. c4 d6 3. Nc3 g6 4. e4 Bg7 5. h3 Nbd7 6. Bd3 e5 7. d5 h5 8. Bg5 Bh6 9. Bxh6 Rxh6 10. b4 h4 11. Qc1 Rh8 12. Nge2 Nh5 13. O-O a6 14. Bc2 g5 15. Ba4 Kf8 16. Bxd7 Bxd7 17. f3 Nf4 18. Qd2 Qc8 19. Rf2 Rg8 20. Kf1 Rg6 21. Rc1 c5 22. b5 axb5 23. cxb5 Ra3 24. Rb1 c4 25. Nxf4 gxf4 26. Rb4 Bxh3 27. gxh3 Qxh3+ 28. Ke2 Rg2 29. Rb1 Rxf2+ 30. Kxf2 Qg3+ 31. Ke2 Qg2+ 32. Kd1 Qxf3+ 33. Kc2 Ke7 34. Kb2 Ra8 35. Qe2 Qxe2+ 36. Nxe2 Rg8 37. Rg1 Rxg1 38. Nxg1 f5 39. Kc3 fxe4 40. Kxc4 f3 41. Nh3 f2 42. Nxf2 e3 0-1

[Event "Bayerischer Schachbund IM 2024"]
[Site "Rosenheim"]
[Date "2024.08.13"]
[Round "3.6"]
[White "Miller, Eduard"]
[Black "Schulz, Lukas"]
[Result "0-1"]
[Annotator "RC"]
[ECO "A48"]
[WhiteElo "2319"]
[BlackElo "2298"]
[PlyCount "74"]
[EventDate "2024.08.12"]
[EventType "tourn"]
[EventCountry "GER"]
[SourceTitle "playchess.com"]
[Source "ChessBase"]
[SourceQuality "1"]
[TimeControl "40/5400+30:1800+30"]

1. d4 Nf6 2. Bf4 g6 3. Nd2 Bg7 4. c3 O-O 5. e4 d6 6. Ngf3 Nbd7 7. Qc2 b6 8. Be2 Bb7 9. O-O h6 10. h3 e5 11. dxe5 Nh5 12. Be3 dxe5 13. Rfd1 Qe7 14. b4 Nf4 15. Bf1 Ne6 16. Bd3 Nf4 17. Bc4 Kh8 18. a4 f5 19. Bxf4 fxe4 20. Bg5 hxg5 21. Nxe4 Rf4 22. Bd5 c6 23. Bb3 g4 24. Nfg5 Bh6 25. Ne6 gxh3 26. Nxf4 exf4 27. Qd3 h2+ 28. Kxh2 Ne5 29. Qh3 Kg7 30. Nd6 f3 31. Nf7 Bf4+ 32. g3 Nxf7 33. Rd7 Bxg3+ 34. Kxg3 Qe5+ 35. Kxf3 Rf8 36. Rxf7+ Rxf7+ 37. Bxf7 c5+ 0-1

[Event "Bayerischer Schachbund IM 2024"]
[Site "Rosenheim"]
[Date "2024.08.13"]
[Round "3.7"]
[White "Georgescu, Lena"]
[Black "Hasenohr, Benedict"]
[Result "1-0"]
[Annotator "RC"]
[ECO "C10"]
[WhiteElo "2209"]
[BlackElo "2339"]
[PlyCount "77"]
[EventDate "2024.08.12"]
[EventType "tourn"]
[EventCountry "GER"]
[SourceTitle "playchess.com"]
[Source "ChessBase"]
[SourceQuality "1"]
[TimeControl "40/5400+30:1800+30"]

1. e4 e6 2. d4 d5 3. Nc3 Nf6 4. Bg5 dxe4 5. Nxe4 Nbd7 6. Nf3 h6 7. Nxf6+ Nxf6 8. Be3 Nd5 9. Bd2 c5 10. Bb5+ Bd7 11. Bxd7+ Qxd7 12. c4 Nb6 13. Rc1 Rc8 14. dxc5 Rxc5 15. Qe2 Qc8 16. O-O Be7 17. Be3 Rc7 18. b3 O-O 19. Nd4 Rd7 20. Nb5 Qb8 21. Rfd1 Rfd8 22. g3 Bf6 23. a4 Nc8 24. Rxd7 Rxd7 25. Bf4 e5 26. Bxh6 gxh6 27. Qg4+ Bg5 28. f4 exf4 29. Qxd7 fxg3 30. Qe8+ Kg7 31. Rf1 gxh2+ 32. Kh1 Bf6 33. Nd4 Qc7 34. Nf5+ Kh7 35. Nxh6 Nd6 36. Qg8+ Kxh6 37. Rxf6+ Kh5 38. Qh7+ Kg4 39. Qg7+ 1-0

[Event "Bayerischer Schachbund IM 2024"]
[Site "Rosenheim"]
[Date "2024.08.13"]
[Round "3.8"]
[White "Goldbeck, Lars"]
[Black "Reimann, Sebastian"]
[Result "1-0"]
[Annotator "RC"]
[ECO "D58"]
[WhiteElo "2321"]
[BlackElo "2327"]
[PlyCount "75"]
[EventDate "2024.08.12"]
[EventType "tourn"]
[EventCountry "GER"]
[SourceTitle "playchess.com"]
[Source "ChessBase"]
[SourceQuality "1"]
[TimeControl "40/5400+30:1800+30"]

1. d4 Nf6 2. c4 e6 3. Nc3 d5 4. Bg5 Be7 5. e3 h6 6. Bh4 O-O 7. Nf3 b6 8. Be2 Bb7 9. Bxf6 Bxf6 10. cxd5 exd5 11. O-O Re8 12. b4 a6 13. Qb3 Qd6 14. Bd3 Nd7 15. b5 a5 16. Rac1 g6 17. Rfe1 Rac8 18. g3 Kg7 19. Bf1 Nf8 20. Bg2 Ne6 21. Red1 Qb4 22. Ne1 Qxb3 23. axb3 Red8 24. Nd3 Be7 25. Ne5 Bb4 26. Ne2 Rd6 27. Nd3 c5 28. bxc6 Bxc6 29. Nxb4 axb4 30. Rc2 Rcd8 31. Nc1 Bb7 32. Nd3 Ra8 33. Nxb4 Ra3 34. Rc3 Rd8 35. Rdc1 Kf6 36. Nd3 Ke7 37. Ne5 Ba8 38. Bh3 1-0

[Event "Bayerischer Schachbund IM 2024"]
[Site "Rosenheim"]
[Date "2024.08.13"]
[Round "3.9"]
[White "Schneider, Jana"]
[Black "Zysk, Robert"]
[Result "*"]
[Annotator "RC"]
[ECO "C02"]
[WhiteElo "2275"]
[BlackElo "2376"]
[PlyCount "115"]
[EventDate "2024.08.12"]
[EventType "tourn"]
[EventCountry "GER"]
[SourceTitle "playchess.com"]
[Source "ChessBase"]
[SourceQuality "1"]
[TimeControl "40/5400+30:1800+30"]

1. e4 e6 2. d4 d5 3. e5 c5 4. c3 Nc6 5. Nf3 Bd7 6. Be2 Nge7 7. O-O cxd4 8. cxd4 Nf5 9. Nc3 Rc8 10. Kh1 a6 11. a3 Be7 12. g4 Nh4 13. Nxh4 Bxh4 14. f4 Be7 15. Be3 f6 16. Bd3 O-O 17. exf6 gxf6 18. g5 f5 19. Qh5 Be8 20. Qh6 Bg6 21. Rae1 Re8 22. Qh4 Bf8 23. Qf2 Na5 24. Na4 Nc4 25. Nc5 Nd6 26. Qe2 Qc7 27. Rc1 Qf7 28. Bc2 Ne4 29. Ba4 Red8 30. Nd3 Bh5 31. Qg2 Bd6 32. Rc2 b5 33. Bb3 Bg4 34. Nf2 Rxc2 35. Bxc2 Be2 36. Re1 Bh5 37. Bd1 Bxd1 38. Rxd1 Rc8 39. Nd3 Qh5 40. Rg1 Kf7 41. Ne1 Ke7 42. Qf3 Qxf3+ 43. Nxf3 Kf7 44. Nh4 a5 45. Rg2 a4 46. Re2 Bb8 47. Nf3 Kg6 48. Kg2 Kh5 49. Ne1 Bd6 50. Nd3 Bf8 51. Nc5 Bxc5 52. dxc5 h6 53. gxh6 Kxh6 54. Kf3 Rc7 55. Rc2 Rc6 56. Bd4 Kh5 57. Rg2 Rc7 58. h4 *

[Event "Bayerischer Schachbund IM 2024"]
[Site "Rosenheim"]
[Date "2024.08.13"]
[Round "3.10"]
[White "Lucas, Arthur"]
[Black "Platzgummer, Fabian"]
[Result "1/2-1/2"]
[Annotator "RC"]
[ECO "B15"]
[WhiteElo "2332"]
[BlackElo "2304"]
[PlyCount "75"]
[EventDate "2024.08.12"]
[EventType "tourn"]
[EventCountry "GER"]
[SourceTitle "playchess.com"]
[Source "ChessBase"]
[SourceQuality "1"]
[TimeControl "40/5400+30:1800+30"]

1. e4 c6 2. d4 d5 3. Nc3 dxe4 4. Nxe4 Nf6 5. Nxf6+ exf6 6. Bd3 g6 7. Ne2 Bg7 8. Be3 Bf5 9. Bxf5 Qa5+ 10. Qd2 Qxf5 11. Qb4 Qd7 12. O-O-O Na6 13. Qa3 Bf8 14. Qa4 O-O-O 15. d5 c5 16. Qxd7+ Rxd7 17. c4 Nc7 18. Nc3 f5 19. Bf4 Ne8 20. Rhe1 Bd6 21. Be5 Bxe5 22. Rxe5 Nd6 23. b3 Kc7 24. Kc2 Rb8 25. a4 a5 26. Rde1 Rf8 27. Kd3 Kd8 28. Ke3 Re7 29. Kf4 Rxe5 30. Rxe5 h6 31. Nb5 Nxb5 32. axb5 Kd7 33. Re2 b6 34. h4 Ra8 35. Ra2 Re8 36. h5 Re4+ 37. Kf3 g5 38. g3 1/2-1/2

[Event "Bayerischer Schachbund IM 2024"]
[Site "Rosenheim"]
[Date "2024.08.14"]
[Round "4.6"]
[White "Schulz, Lukas"]
[Black "Platzgummer, Fabian"]
[Result "1/2-1/2"]
[Annotator "RC"]
[ECO "B11"]
[WhiteElo "2298"]
[BlackElo "2304"]
[PlyCount "30"]
[EventDate "2024.08.12"]
[EventType "tourn"]
[EventCountry "GER"]
[SourceTitle "playchess.com"]
[Source "ChessBase"]
[SourceQuality "1"]
[TimeControl "40/5400+30:1800+30"]

1. e4 c6 2. Nc3 d5 3. g3 dxe4 4. Nxe4 Nf6 5. Bg2 Nxe4 6. Bxe4 e5 7. Bg2 Bc5 8. d3 O-O 9. Qe2 Re8 10. Nf3 Nd7 11. O-O Nf6 12. Be3 Bd6 13. Ng5 Qe7 14. Rad1 Ng4 15. Bd2 Nf6 1/2-1/2

[Event "Bayerischer Schachbund IM 2024"]
[Site "Rosenheim"]
[Date "2024.08.14"]
[Round "4.7"]
[White "Zysk, Robert"]
[Black "Lucas, Arthur"]
[Result "1/2-1/2"]
[Annotator "RC"]
[ECO "D37"]
[WhiteElo "2376"]
[BlackElo "2332"]
[PlyCount "264"]
[EventDate "2024.08.12"]
[EventType "tourn"]
[EventCountry "GER"]
[SourceTitle "playchess.com"]
[Source "ChessBase"]
[SourceQuality "1"]
[TimeControl "40/5400+30:1800+30"]

1. Nf3 d5 2. d4 Nf6 3. c4 e6 4. Nc3 a6 5. cxd5 exd5 6. Bf4 Bd6 7. Bxd6 Qxd6 8. Qc2 Nc6 9. e3 g6 10. Rc1 Bf5 11. Qb3 O-O 12. Be2 Na5 13. Qa4 b6 14. O-O Bd7 15. Qd1 c5 16. dxc5 bxc5 17. e4 d4 18. e5 Qe6 19. exf6 dxc3 20. Rxc3 Rad8 21. Qc1 Nb7 22. Qf4 Rfe8 23. Bc4 Qf5 24. Qh6 Qxf6 25. Ng5 Nd6 26. Qxh7+ Kf8 27. Qh4 Kg7 28. Qh7+ Kf8 29. Qh6+ Qg7 30. Qxg7+ Kxg7 31. Bxa6 Ra8 32. Ra3 Reb8 33. Rd1 Rxb2 34. h4 Rb6 35. Nxf7 Nxf7 36. Rxd7 Raxa6 37. Rc3 Rxa2 38. h5 gxh5 39. Rxc5 Kg6 40. Rdd5 Rb1+ 41. Kh2 Rxf2 42. Rc6+ Kg7 43. Rxh5 Rbb2 44. Kg3 Rxg2+ 45. Kf4 Rbe2 46. Rd5 Rgf2+ 47. Kg3 Rf1 48. Rd7 Re5 49. Kg2 Ref5 50. Ra7 R1f2+ 51. Kg3 R2f3+ 52. Kg2 Rd3 53. Rca6 Rc5 54. Ra2 Kg6 55. R7a3 Rdd5 56. Rg3+ Ng5 57. Rf2 Rd1 58. Rf8 Rc2+ 59. Rf2 Rcc1 60. Rf8 Rc2+ 61. Rf2 Rc8 62. Rf1 Rd2+ 63. Rf2 Rd4 64. Kf1 Rc1+ 65. Kg2 Kh5 66. Ra2 Rdd1 67. Rga3 Re1 68. Ra4 Rb1 69. Ra8 Kg4 70. R2a4+ Ne4 71. Rg8+ Kf4 72. Rf8+ Ke3 73. Rf3+ Kd2 74. Ra2+ Kc1 75. Rf1 Rxf1 76. Kxf1 Rb3 77. Kg2 Rg3+ 78. Kh2 Rg8 79. Kh3 Kd1 80. Kh4 Nd2 81. Kh5 Ke2 82. Kh6 Ke3 83. Kh7 Rg1 84. Ra3+ Kf4 85. Ra4+ Ne4 86. Kh6 Kf5 87. Ra5+ Ke6 88. Kh5 Nf6+ 89. Kh4 Nd5 90. Ra6+ Ke5 91. Ra5 Kf4 92. Ra4+ Kf3 93. Ra3+ Kf4 94. Ra4+ Kf5 95. Ra5 Rd1 96. Kg3 Rd3+ 97. Kf2 Kg4 98. Ra8 Rd2+ 99. Ke1 Rb2 100. Rf8 Ne3 101. Rf4+ Kg5 102. Rf8 Nf5 103. Re8 Kf4 104. Rf8 Ke4 105. Re8+ Kd3 106. Rd8+ Nd4 107. Kf1 Rb6 108. Kf2 Rg6 109. Re8 Ne6 110. Kf3 Rf6+ 111. Kg4 Ke4 112. Kg3 Kd5 113. Ra8 Nd4 114. Re8 Nc6 115. Ra8 Ke4 116. Ra4+ Nd4 117. Kg4 Rg6+ 118. Kh5 Rg3 119. Kh4 Rg7 120. Kh5 Ke5 121. Ra5+ Kf4 122. Ra4 Kf5 123. Ra5+ Kf6 124. Ra6+ Ne6 125. Kh4 Kf5 126. Ra5+ Ke4 127. Ra4+ Kd5 128. Ra5+ Nc5 129. Kh3 Kd4 130. Kh4 Ne4 131. Kh5 Rg5+ 132. Rxg5 Nxg5 1/2-1/2

[Event "Bayerischer Schachbund IM 2024"]
[Site "Rosenheim"]
[Date "2024.08.14"]
[Round "4.8"]
[White "Reimann, Sebastian"]
[Black "Schneider, Jana"]
[Result "0-1"]
[Annotator "RC"]
[ECO "C89"]
[WhiteElo "2327"]
[BlackElo "2275"]
[PlyCount "110"]
[EventDate "2024.08.12"]
[EventType "tourn"]
[EventCountry "GER"]
[SourceTitle "playchess.com"]
[Source "ChessBase"]
[SourceQuality "1"]
[TimeControl "40/5400+30:1800+30"]

1. e4 e5 2. Nf3 Nc6 3. Bb5 a6 4. Ba4 Nf6 5. O-O Be7 6. Re1 b5 7. Bb3 O-O 8. c3 d5 9. exd5 Nxd5 10. Nxe5 Nxe5 11. Rxe5 c6 12. d4 Bd6 13. Re1 Qh4 14. g3 Qh3 15. Re4 g5 16. Qf1 Qh5 17. Bd1 Qg6 18. Re1 f5 19. Nd2 f4 20. Nf3 Qh6 21. Ne5 Bh3 22. Qe2 Bxe5 23. dxe5 f3 24. Qd2 Nf4 25. Bxf3 Rad8 26. Qe3 Rd3 27. gxf4 Rxe3 28. Bxe3 gxf4 29. Bc5 Rc8 30. Rad1 Kf7 31. Kh1 Be6 32. Rd6 Qh3 33. Bg2 Qg4 34. f3 Qf5 35. Re4 Rg8 36. Bf1 Ke8 37. Bb6 Rg6 38. Rd8+ Ke7 39. Ra8 Bd5 40. Ra7+ Ke8 41. Ra8+ Kd7 42. e6+ Rxe6 43. Rd8+ Ke7 44. Rxe6+ Qxe6 45. Rh8 Qg4 46. Rxh7+ Ke6 47. Rh6+ Kf7 48. Bg2 Bxf3 49. Bxf3 Qxf3+ 50. Kg1 Qe2 51. Bf2 f3 52. Rd6 Ke7 53. Rd4 c5 54. Rd5 Ke6 55. Rd8 Qxb2 0-1

[Event "Bayerischer Schachbund IM 2024"]
[Site "Rosenheim"]
[Date "2024.08.14"]
[Round "4.9"]
[White "Hasenohr, Benedict"]
[Black "Goldbeck, Lars"]
[Result "1/2-1/2"]
[Annotator "RC"]
[ECO "D35"]
[WhiteElo "2339"]
[BlackElo "2321"]
[PlyCount "99"]
[EventDate "2024.08.12"]
[EventType "tourn"]
[EventCountry "GER"]
[SourceTitle "playchess.com"]
[Source "ChessBase"]
[SourceQuality "1"]
[TimeControl "40/5400+30:1800+30"]

1. d4 Nf6 2. c4 e6 3. Nc3 d5 4. cxd5 exd5 5. Bg5 c6 6. e3 Be7 7. Bd3 O-O 8. h3 Ne8 9. Bf4 Nd7 10. Qc2 Ndf6 11. g4 g6 12. Nf3 Ng7 13. Ne5 c5 14. O-O Be6 15. dxc5 Bxc5 16. Rfd1 Rc8 17. Bg5 Be7 18. Qa4 Qb6 19. Rd2 Rfd8 20. Bf1 Nge8 21. Rad1 a6 22. Qf4 Qb4 23. Nd3 Qb6 24. Ne5 Qb4 25. Qf3 Qd6 26. Nc4 Qc6 27. Ne5 Qd6 28. Qg3 Rxc3 29. bxc3 Ne4 30. Bxe7 Qxe7 31. Qf4 Nxd2 32. Rxd2 Rc8 33. c4 dxc4 34. Bxc4 Bxc4 35. Nxc4 Qc7 36. Qxc7 Rxc7 37. Ne5 Re7 38. Nd7 h6 39. Kg2 Kg7 40. Kf3 g5 41. Nc5 Rc7 42. Ne4 f6 43. Ng3 Kf7 44. Nf5 Ng7 45. Nxh6+ Kg6 46. Ng8 Kf7 47. Rd8 Rc2 48. Nh6+ Kg6 49. Ng8 Kf7 50. Nh6+ 1/2-1/2